 Dungeon Crawl Stone Soup version 0.29-a0-320-g9f8742066b (webtiles) character file.

Game seed: 3335095937914944987

3540 Bnni the Fighter (level 10, -1/76 HPs)
             Began as an Octopode Fighter on Apr 3, 2022.
             Was an Initiate of Yredelemnul.
             Slain by an efreet
             ... wielding a +0 scimitar of flaming
              (9 damage)
             ... on level 8 of the Dungeon.
             The game lasted 00:14:26 (8969 turns).

Bnni the Fighter (Octopode Fighter)                 Turns: 8969, Time: 00:14:29

Health: -1/76      AC:  1    Str: 17    XL:     10   Next: 8%
Magic:  10/10      EV: 13    Int: 11    God:    Yredelemnul [......]
Gold:   365        SH:  6    Dex: 14    Spells: 9/9 levels left

rFire   . . .      SeeInvis .   e - +1 trident (freeze)
rCold   + . .      Faith    .   a - +1 buckler
rNeg    . . .      Spirit   .   (helmet restricted)
rPois   .          Reflect  .   (no amulet)
rElec   .          Harm     .   p - ring of willpower
rCorr   .          Rampage  .   u - ring of protection from cold
Will    +....                   (no ring)
Stlth   ++........              (no ring)
HPRegen 0.22/turn               (no ring)
MPRegen 0.12/turn               (no ring)
                                (no ring)
                                (no ring)

@: no status effects
A: almost no armour, amphibious, 8 rings, camouflage 1, gelatinous body 1,
(nimble swimmer 1), tentacles
a: Renounce Religion, Recall Undead Harvest


You were on level 8 of the Dungeon.
You worshipped Yredelemnul.
Yredelemnul was noncommittal.
You visited 2 branches of the dungeon, and saw 9 of its levels.

You collected 365 gold pieces.

Inventory:

Hand Weapons
 e - a +1 trident of freezing (weapon)
 i - a +0 spear of venom
Missiles
 r - 3 throwing nets (quivered)
Armour
 a - a +1 buckler (worn)
Jewellery
 p - a ring of willpower (left tentacle)
 u - a ring of protection from cold (right tentacle)
Wands
 h - a wand of flame (12)
Scrolls
 c - a scroll of amnesia
 f - 5 scrolls of fear
 j - a scroll of enchant weapon
 k - 4 scrolls of teleportation
Potions
 b - 4 potions of mutation
 d - 2 potions of ambrosia
 g - 3 potions of heal wounds
 l - a potion of brilliance
 m - 5 potions of curing
 n - 3 potions of flight
 o - 3 potions of attraction
 q - 3 potions of magic
 s - a potion of resistance
 t - a potion of haste


   Skills:
 + Level 10.3 Fighting
 * Level 9.9 Polearms
 - Level 3.0 Dodging
 - Level 3.0 Shields
 - Level 2.9 Unarmed Combat


You had 9 spell levels left.
You didn't know any spells.
Your spell library contained the following spells:

 Spells                   Type           Power      Damage    Failure   Level
 Animate Skeleton         Necr           0%         N/A       43%         1
 Pain                     Necr           0%         1d4       43%         1
 Shock                    Conj/Air       0%         1d3       43%         1
 Swiftness                Air            0%         N/A       80%         3
 Vampiric Draining        Necr           0%         2d6       80%         3
 Airstrike                Air            0%         N/A       99%         4
 Leda's Liquefaction      Hex/Erth       0%         N/A       99%         4
 Lee's Rapid Deconstruct  Erth           0%         3d5*      100%        5
 Statue Form              Tmut/Erth      0%         N/A       100%        6


Dungeon Overview and Level Annotations

Branches:
Dungeon (8/15)             Temple (1/1) D:4
   Lair: D:8-11

Altars:
Ashenzari
Cheibriados
Dithmenos
Elyvilon
Fedhas
Gozag
Hepliaklqana
Kikubaaqudgha
Nemelex Xobeh
Qazlal
Ru
Sif Muna
Trog
Wu Jian
Yredelemnul
Zin

Shops:
D:1 =


Innate Abilities, Weirdness & Mutations

You cannot wear most types of armour.
You are amphibious.
You can wear up to eight rings at the same time.
Your skin changes colour to match your surroundings (Stealth+).
Your rubbery body absorbs attacks. (AC +1, EV +1)
((You are camouflaged when in or above water. (Stealth+)))
You have tentacles for arms and can constrict up to eight enemies at once.


Message History

You are engulfed in a cloud of scalding steam.
* * * LOW HITPOINT WARNING * * *
You swap places.
You are engulfed in a cloud of scalding steam.
* * * LOW HITPOINT WARNING * * *
Your gnoll zombie is engulfed in a cloud of scalding steam.
Your gnoll zombie is engulfed in a cloud of scalding steam.
Your gnoll zombie is destroyed!
You start resting.
HP restored.
Found a long sword.
Found a stone staircase leading down.
You see here a +0 long sword.
There is a stone staircase leading down here.
There is a stone staircase leading down here.
You see here a +0 long sword.
An efreet comes into view.
It is wielding a +0 scimitar of flaming.
Your +0 spear of venom stops dripping with poison.
Your +1 trident of freezing glows with a cold blue light!
e - a +1 trident of freezing (weapon)
The efreet gestures at you.
The fireball explodes!
The fireball engulfs you!!
You hear a shout! x4
You reach to attack!
You hit the efreet but do no damage. You puncture the efreet!
You freeze the efreet.
The efreet is moderately wounded.
You puncture the efreet! You freeze the efreet.
You squeeze the efreet, but do no damage.
The efreet is heavily wounded.
The efreet gestures at you. The bolt of fire hits you!!
You are too injured to fight recklessly!
You are too injured to fight recklessly!
You are too injured to fight recklessly!
The efreet blocks your attack.
The efreet is heavily wounded.
The efreet hits you with a +0 scimitar of flaming!!
* * * LOW HITPOINT WARNING * * *
The efreet burns you!
You die...
Your body rises from the dead as a mindless zombie.

##..###.#Z #...# #.#.
#.#.# #... #.#.# #...
#.#.# ##..
#########.#.#####.
#.................
#.#####.#######.#.####..
#......@#######.#.# ##>
#.###.R.........#)# #.
#°###########.# ## #°
#>###### #° #....... .
######## #


You could see an efreet.

Vanquished Creatures
  A human (D:3)
  2 yaks (D:7)
  A steam dragon (D:8)
  A water moccasin (D:6)
  2 black bears
  An ice beast (D:5)
  2 ogres
  A centaur (D:5)
  A gnoll sergeant (D:8)
  A necrophage (D:7)
  2 bullfrogs
  2 scorpions
  12 wights
  4 howler monkeys
  A hound (D:5)
  An orc priest (D:6)
  2 jellies
  A gnoll shaman (D:7)
  Jessica (D:2)
  An iguana (D:5)
  3 orc wizards
  19 gnolls
  9 adders
  A shadow imp (D:6)
  A white imp (D:6)
  2 ufetubi (D:6)
  A worm (D:5)
  A dart slug (D:3)
  11 orcs
  5 bats
  8 endoplasms
  2 giant cockroaches (D:2)
  8 hobgoblins
  2 jackals (D:4)
  3 ball pythons
  3 frilled lizards
  7 goblins
  7 kobolds
  A kobold skeleton (D:3)
  A kobold zombie (D:3)
  5 rats
140 creatures vanquished.

Vanquished Creatures (collateral kills)
  2 yaks (D:7)
  A centaur (D:5)
  An ogre (D:6)
  A gnoll sergeant (D:5)
  A jelly (D:2)
  Robin (D:2)
  2 adders
  A shadow imp (D:7)
  A white imp (D:5)
  6 orcs
  An endoplasm (D:4)
  3 goblins (D:2)
  2 hobgoblins (D:2)
23 creatures vanquished.

Vanquished Creatures (others)
  A water moccasin zombie (D:6)
  A scorpion zombie (D:5)
  3 howler monkey zombies (D:7)
  3 adder zombies
  2 bat zombies (D:2)
  4 gnoll zombies
  A frilled lizard zombie (D:2)
  2 goblin zombies (D:2)
  3 hobgoblin zombies (D:2)
  A jackal zombie (D:4)
  5 orc zombies
  2 spectral endoplasms (D:3)
  A spectral ufetubus (D:6)
29 creatures vanquished.

Grand Total: 192 creatures vanquished

Notes
Turn   | Place    | Note
-------+----------+-------------------------------------------
     0 | D:1      | Bnni the Octopode Fighter began the quest for the Orb.
     0 | D:1      | Reached XP level 1. HP: 16/16 MP: 1/1
   407 | D:1      | Reached XP level 2. HP: 17/21 MP: 2/2
   661 | D:1      | Found a faded altar of an unknown god.
   665 | D:1      | Prayed at the altar of an unknown god.
   665 | D:1      | Became a worshipper of Yredelemnul the Dark
   665 | D:1      | Reached * piety under Yredelemnul
   682 | D:1      | Found Otyic's Jewellery Shoppe.
  1074 | D:2      | Noticed Jessica
  1082 | D:2      | Killed Jessica
  1083 | D:2      | Reached skill level 4 in Fighting
  1083 | D:2      | Reached XP level 3. HP: 16/27 MP: 3/3
  1265 | D:2      | Reached XP level 4. HP: 29/33 MP: 4/4
  1589 | D:2      | Noticed Robin
  1591 | D:2      | Reached ** piety under Yredelemnul
  1593 | D:2      | Reached skill level 5 in Fighting
  1601 | D:2      | Reached XP level 5. HP: 16/39 MP: 5/5
  1606 | D:2      | Killed Robin
  1611 | D:2      | HP: 1/39 [goblin/sling bullet[Robin] (4)]
  2529 | D:3      | Found a runed translucent door.
  2529 | D:3      | Noticed a human
  2538 | D:3      | Found a basalt altar of Yredelemnul.
  2539 | D:3      | Noticed an ogre
  2553 | D:3      | Killed an ogre
  2554 | D:3      | Reached skill level 6 in Fighting
  2554 | D:3      | Reached XP level 6. HP: 46/46 MP: 6/6
  2559 | D:3      | Killed a human
  2560 | D:3      | Reached skill level 7 in Fighting
  2727 | D:3      | Identified the +0 leather armour of Liberalism {rElec rC+
                  | Str+5 Dex-2}
  3155 | D:4      | Found a white marble altar of Elyvilon.
  3225 | D:4      | Found a staircase to the Ecumenical Temple.
  3231 | Temple   | Entered the Ecumenical Temple
  3357 | D:4      | You fall into a shaft and drop 1 floor!
  3357 | D:5      | Entered Level 5 of the Dungeon
  3359 | D:5      | Noticed an ice beast
  3499 | D:4      | Reached XP level 7. HP: 44/54 MP: 7/7
  3604 | D:4      | Reached skill level 1 in Polearms
  4741 | D:5      | Reached skill level 8 in Fighting
  4966 | D:5      | Reached XP level 8. HP: 61/61 MP: 8/8
  5527 | D:5      | Reached skill level 5 in Polearms
  5888 | D:5      | Reached *** piety under Yredelemnul
  6380 | D:6      | Found a large runed translucent door.
  6381 | D:6      | Found a large runed translucent door.
  6438 | D:6      | Found a blossoming altar of Fedhas.
  6446 | D:6      | Found a shimmering blue altar of Sif Muna.
  6510 | D:6      | Reached skill level 9 in Fighting
  6510 | D:6      | Reached XP level 9. HP: 68/68 MP: 9/9
  7524 | D:7      | Reached skill level 10 in Fighting
  7894 | D:7      | Reached **** piety under Yredelemnul
  7922 | D:7      | Reached XP level 10. HP: 63/76 MP: 10/10
  8969 | D:8      | Slain by an efreet

Illustrated notes

Levels and vault maps discovered:
D:1:      lightli_arrival_isolated_outpost, layout_loops_ring, serial_shops,
          nicolae_square_shop, ebering_ecumenical_altar_box
D:2:      layout_basic, uniq_robin, uniq_jessica
D:3:      layout_loops_ring, dk_yredelemnul_ordeal
D:4:      layout_gridville, mainiacjoe_overflow_24_doors,
          minmay_temple_entry_fiery
D:5:      layout_gridville
D:6:      layout_basic, jmf_multi_god_temple2
D:7:      layout_basic, supply_closet_lemuel
D:8:      layout_loops_ring, uniq_psyche
Temple:   compressed_dpeg_circular_temple

Skill      XL: |  1  2  3  4  5  6  7  8  9 |
---------------+----------------------------+-----
Fighting       | 4 5 6 7 8 9 10 | 10.3
Polearms       | 3 6 9 |  9.9
Dodging        | |  3.0
Shields        | |  3.0
Unarmed Combat | |  2.9

Action                   |  1- 3 |  4- 6 |  7- 9 | 10-12 || total
-------------------------+-------+-------+-------+-------++-------
Melee: Unarmed           |    56 |    64 |     2 |       ||   122
       Constrict         |    13 |    18 |    43 |     4 ||    78
       Tentacles         |    10 |    14 |    43 |     7 ||    74
       Punch             |       |     6 |     3 |       ||     9
       Spear             |       |       |    77 |    10 ||    87
       Trident           |       |       |   184 |    22 ||   206
  Use: Potion            |       |     1 |     2 |     1 ||     4
       Scroll            |       |    10 |     7 |     2 ||    19
 Stab: Sleeping          |     3 |    12 |     6 |     1 ||    22
       Distracted        |       |     1 |     1 |       ||     2
Armor: Skin              |     4 |     5 |     4 |       ||    13
Dodge: Dodged            |    32 |    27 |    72 |     5 ||   136
Block: Buckler           |     8 |     6 |    34 |     2 ||    50

Table legend: (Time is in decaauts)
 A = Elapsed time spent in this place.
 B = Non-inter-level travel time spent in this place.
 C = Inter-level travel time spent in this place.
 D = Time resting spent in this place.
 E = Time spent auto-exploring this place.
 F = Levels seen in this place.
 G = Mean time per level.
                   A        B        C        D        E       F      G
               +--------+--------+--------+--------+--------+-----+--------+
         Total |   8961 |   8714 |    247 |   1067 |   6605 |   9 |  995.7 |
       Dungeon |   8908 |   8686 |    222 |   1067 |   6587 |   8 | 1113.5 |
        Temple |     52 |     27 |     25 |      0 |     18 |   1 |   52.0 |
               +--------+--------+--------+--------+--------+-----+--------+

Top non-repeatable levels by time:
     D:5: 1473 daAuts
     D:4: 1331 daAuts
     D:6: 1300 daAuts
     D:2: 1170 daAuts
     D:7: 1097 daAuts
     D:1: 1068 daAuts
     D:3: 869 daAuts
     D:8: 596 daAuts
  Temple: 52 daAuts
